Rangers vs Flyers

Created - December-04-13 at 18:28

Goals
1 2 3 T
Rangers 2 0 0 2
Flyers 2 2 1 5
Shots
1 2 3 T
Rangers 8 11 9 28
Flyers 12 17 8 37

1st period

1. Rangers , Benoit Pouliot 1 (Alex Goligoski, Ville Leino) at 5:44
2. Flyers , Kevin Bieksa 10 (Dainius Zubrus, Joni Pitkanen) at 7:14 (PP)
3. Flyers , Carlo Colaiacovo 3 (Marc-Andre Bergeron, Kyle Okposo) at 12:49
4. Rangers , Radim Vrbata 7 (Frans Nielsen, Alex Goligoski) at 16:38

Penalties :
Devin Setoguchi (NYR) for Interference (Minor) at 6:37, Kyle Brodziak (PHI) for Slashing (Minor) at 13:42

2nd period

5. Flyers , Joni Pitkanen 7 (Kevin Bieksa, R.J. Umberger) at 2:41 (PP)
6. Flyers , Joni Pitkanen 8 (Dany Heatley, Kyle Brodziak) at 3:19

Penalties :
David Legwand (NYR) for Tripping (Minor) at 1:40, Kevin Bieksa (PHI) for Hooking (Minor) at 9:31, Karl Alzner (NYR) for Interference (Minor) at 13:48, Antti Miettinen (PHI) for Slashing (Minor) at 16:40, Craig Adams (NYR) for Slashing (Minor) at 18:58

3rd period

7. Flyers , Dany Heatley 14 (Anton Volchenkov, Mark Stuart) at 14:45

Penalties :
Anton Volchenkov (PHI) for Tripping (Minor) at 12:29

Goalie Stats

Tomas Vokoun (NYR), 32 saves from 37 shots - (0.865), L, 11-15-0, 60:00 minutes
Devan Dubnyk (PHI), 26 saves from 28 shots - (0.929), W, 12-12-2, 60:00 minutes

Players Stats for Rangers

Player Name              G  A  P  +/- PIM S  H  SB GA TA FO     MP     PP MP  PK MP  
------------------------------------------------------------------------------------
Alex Goligoski           0  2  2   1  0   0  0  2  0  0  0/0    22:51   3:28   2:57 
Ben Smith                0  0  0   1  0   0  1  0  0  0  0/0    17:11   0:00   0:00 
Benoit Pouliot           1  0  1   0  0   1  0  0  0  0  0/1     6:06   0:00   0:00 
Bryan Allen              0  0  0  -2  0   0  1  1  0  0  0/0    13:15   0:00   0:53 
Craig Adams              0  0  0   0  2   1  2  0  0  0  0/0     6:05   0:00   0:00 
David Legwand            0  0  0  -1  2   3  0  0  0  0  5/12   13:35   3:41   0:00 
Derek Morris             0  0  0   0  0   0  3  0  0  0  0/0    24:47   4:28   2:39 
Devin Setoguchi          0  0  0  -1  2   1  4  0  0  0  0/0    17:30   4:15   0:00 
Francois Beauchemin      0  0  0   0  0   2  2  1  0  0  0/0    24:47   4:28   2:39 
Frans Nielsen            0  1  1   1  0   2  1  0  0  0  8/28   21:57   3:41   1:05 
Ilya Kovalchuk           0  0  0  -1  0   1  0  0  0  0  0/1    18:36   4:15   1:05 
Karl Alzner              0  0  0   1  2   3  3  3  0  0  0/0    21:57   3:28   2:04 
Matt Read                0  0  0  -1  0   2  4  0  0  0  0/1     9:55   0:00   0:00 
Radim Vrbata             1  0  1   1  0   3  1  0  0  0  1/2    25:23   3:41   4:31 
Rob Scuderi              0  0  0  -2  0   0  0  0  0  0  0/0    12:22   0:00   0:00 
Tyler Ennis              0  0  0  -1  0   8  1  0  0  0  10/28  22:02   4:15   4:31 
Ville Leino              0  1  1   0  0   0  0  0  0  0  2/9     6:06   0:00   0:00 
Vinny Prospal            0  0  0  -1  0   1  1  0  0  0  0/0     9:55   0:00   0:00 

Players Stats for Flyers

Player Name              G  A  P  +/- PIM S  H  SB GA TA FO     MP     PP MP  PK MP  
------------------------------------------------------------------------------------
Anton Volchenkov         0  1  1   1  2   3  1  2  0  0  0/0    20:33   1:46   2:11 
Antti Miettinen          0  0  0  -2  2   2  0  0  0  0  0/0     8:21   0:00   0:27 
Carlo Colaiacovo         1  0  1   0  0   1  2  1  0  0  0/0    13:03   0:00   1:52 
Dainius Zubrus           0  1  1   0  0   3  1  0  0  0  0/0    12:12   1:58   2:33 
Dany Heatley             1  1  2   2  0   3  0  0  0  0  3/5    19:48   3:38   0:00 
David Steckel            0  0  0   0  0   1  0  0  0  0  2/5     7:41   0:00   0:00 
Eric Belanger            0  0  0  -2  0   0  0  1  0  0  18/20  11:37   0:00   3:42 
Gabriel Bourque          0  0  0   1  0   6  2  0  0  0  0/1    17:52   1:58   1:12 
Jack Skille              0  0  0   0  0   0  2  0  0  0  0/0     7:41   0:00   0:00 
Jean-Gabriel Pageau      0  0  0   1  0   2  1  0  0  0  14/18  16:23   0:00   1:41 
Joni Pitkanen            2  1  3   0  0   4  0  1  0  0  0/0    26:33   3:50   4:35 
Justin Williams          0  0  0   2  0   2  1  0  0  0  3/6    22:21   3:38   2:33 
Kevin Bieksa             1  1  2   0  2   2  2  2  0  0  0/0    25:33   3:50   3:04 
Kyle Brodziak            0  1  1   2  2   1  6  0  0  0  10/17  16:09   0:00   0:00 
Kyle Okposo              0  1  1   1  0   1  3  0  0  0  0/3    18:20   3:38   0:00 
Marc-Andre Bergeron      0  1  1   0  0   1  1  2  0  0  0/0    13:50   1:46   0:53 
Mark Stuart              0  1  1   1  0   2  3  1  0  0  0/0    19:53   0:00   2:44 
R.J. Umberger            0  1  1  -2  0   3  0  0  0  0  6/7    14:10   1:58   4:17 

3 Stars

1 - Joni Pitkanen (PHI)
2 - Dany Heatley (PHI)
3 - Kevin Bieksa (PHI)

Power Play

Rangers - 0 on 4 Attempt(s) - 0.00%
Flyers - 2 on 4 Attempt(s) - 50.00%

Penalty Kill

Rangers - 2 on 4 Attempt(s) - 50.00% - Score 0 goal in Penalty Kill
Flyers - 4 on 4 Attempt(s) - 100.00% - Score 0 goal in Penalty Kill

Official

Referees : Darcy Burchell and Gord Dwyer
Linesman : Brad Lazarowich and Brian Mach

Game Notes

No Game Note

Finance

Level 1 -- Attendance: 5604 (86.22%) -- Ticket Income $588,420
Level 2 -- Attendance: 5000 (100.00%) -- Ticket Income $350,000
Level 3 -- Attendance: 3055 (87.29%) -- Ticket Income $149,695
Level 4 -- Attendance: 2926 (82.73%) -- Ticket Income $73,150
Luxury Box -- Attendance: 776 (77.60%) -- Ticket Income $178,480
Game was played at the Wells Fargo Center
Total Attendance: 17361 (88.86%)
Total Ticket Income: $1,339,745
Other Income: $200,962
Total Income: $1,540,707


% Time on Ice - Rangers

Lines # - Real PCT - Wanted PCT - Time Play
Normal Forward
1 - 37% - 40% - 17:11
2 - 29% - 30% - 13:16
3 - 21% - 20% - 9:55
4 - 13% - 10% - 6:06
Normal Defense
1 - 36% - 40% - 16:40
2 - 35% - 30% - 16:26
3 - 27% - 20% - 12:22
4 - 2% - 10% - 1:00
PP Forward
1 - 46% - 60% - 3:41
2 - 54% - 40% - 4:15
PP Defense
1 - 56% - 60% - 4:28
2 - 44% - 40% - 3:28
PK Forward
1 - 81% - 60% - 4:31
2 - 19% - 40% - 1:05
PK Defense
1 - 47% - 60% - 2:39
2 - 53% - 40% - 2:57
PK3 Forward
1 - 0% - 60%
2 - 0% - 40%
PK3 Defense
1 - 0% - 60%
2 - 0% - 40%
44 Forward
1 - 0% - 60%
2 - 0% - 40%
44 Defense
1 - 0% - 60%
2 - 0% - 40%
Last Minute Offensive  - 0:00
Last Minute Defensive  - 0:00
Total
Forward - 60:00
Defense - 60:00

% Time on Ice - Flyers

Lines # - Real PCT - Wanted PCT - Time Play
Normal Forward
1 - 35% - 40% - 16:10
2 - 32% - 40% - 14:42
3 - 17% - 10% - 7:41
4 - 17% - 10% - 7:55
Normal Defense
1 - 40% - 55% - 18:40
2 - 36% - 40% - 16:37
3 - 24% - 5% - 11:11
4 - 0% - 0% - 0:00
PP Forward
1 - 65% - 60% - 3:38
2 - 35% - 40% - 1:58
PP Defense
1 - 68% - 60% - 3:50
2 - 32% - 40% - 1:46
PK Forward
1 - 68% - 60% - 5:23
2 - 32% - 40% - 2:33
PK Defense
1 - 67% - 60% - 5:17
2 - 33% - 40% - 2:39
PK3 Forward
1 - 0% - 60%
2 - 0% - 40%
PK3 Defense
1 - 0% - 60%
2 - 0% - 40%
44 Forward
1 - 0% - 60%
2 - 0% - 40%
44 Defense
1 - 0% - 60%
2 - 0% - 40%
Last Minute Offensive  - 0:00
Last Minute Defensive  - 0:00
Total
Forward - 60:00
Defense - 60:00

Play by Play

1st period


0:01 of 1st period - Kyle Brodziak wins face-off versus Frans Nielsen in neutral zone.
0:03 of 1st period - Joni Pitkanen is hit by Francois Beauchemin and loses puck.
0:06 of 1st period - Shot by Joni Pitkanen.
0:06 of 1st period - Shot Misses the Net.
0:08 of 1st period - Shot by Kyle Brodziak.
0:08 of 1st period - Stopped by Tomas Vokoun with a rebound.
0:20 of 1st period - Shot by Justin Williams.
0:20 of 1st period - Shot Misses the Net.
0:25 of 1st period - Dany Heatley is hit by Francois Beauchemin and loses puck.
1:13 of 1st period - Karl Alzner is hit by Gabriel Bourque.
1:21 of 1st period - Alex Goligoski is hit by Gabriel Bourque and loses puck.
1:58 of 1st period - Carlo Colaiacovo is hit by Matt Read and loses puck.
2:07 of 1st period - Shot by Vinny Prospal.
2:07 of 1st period - Shot Misses the Net.
3:03 of 1st period - Francois Beauchemin is hit by Kyle Brodziak and loses puck.
3:12 of 1st period - Shot by Ville Leino.
3:12 of 1st period - Shot Misses the Net.
3:14 of 1st period - Shot by Derek Morris.
3:14 of 1st period - Deflect By Ville Leino.
3:14 of 1st period - Shot Misses the Net.
3:25 of 1st period - Icing by Kevin Bieksa.
3:26 of 1st period - Justin Williams wins face-off versus Frans Nielsen in Flyers zone.
4:45 of 1st period - Ilya Kovalchuk is hit by Mark Stuart and loses puck.
4:58 of 1st period - Shot by Ilya Kovalchuk.
4:58 of 1st period - Stopped by Devan Dubnyk with a rebound.
5:00 of 1st period - Shot by Tyler Ennis.
5:00 of 1st period - Stopped by Devan Dubnyk without a rebound.
5:01 of 1st period - Eric Belanger wins face-off versus David Legwand in Flyers zone.
5:01 of 1st period - Eric Belanger is hit by Matt Read.
5:27 of 1st period - Icing by Joni Pitkanen.
5:28 of 1st period - Eric Belanger wins face-off versus Ville Leino in Flyers zone.
5:44 of 1st period - Shot by Benoit Pouliot.
5:44 of 1st period - Goal by Benoit Pouliot - Rangers : 1 - Flyers : 0.
5:45 of 1st period - Frans Nielsen wins face-off versus Justin Williams in neutral zone.
5:48 of 1st period - Marc-Andre Bergeron is hit by Radim Vrbata and loses puck.
6:08 of 1st period - Frans Nielsen is hit by Carlo Colaiacovo and loses puck.
6:16 of 1st period - Frans Nielsen is hit by Marc-Andre Bergeron and loses puck.
6:25 of 1st period - Radim Vrbata is hit by Carlo Colaiacovo and loses puck.
6:37 of 1st period - Minor Penalty to Devin Setoguchi for Interference.
6:38 of 1st period - R.J. Umberger wins face-off versus Tyler Ennis in Rangers zone.
7:06 of 1st period - Shot by R.J. Umberger.
7:06 of 1st period - Shot Misses the Net.
7:08 of 1st period - Shot by Dainius Zubrus.
7:08 of 1st period - Stopped by Tomas Vokoun with a rebound.
7:10 of 1st period - Shot by Joni Pitkanen.
7:10 of 1st period - Shot Blocked by Alex Goligoski.
7:12 of 1st period - Shot by Dainius Zubrus.
7:12 of 1st period - Stopped by Tomas Vokoun with a rebound.
7:14 of 1st period - Shot by Kevin Bieksa.
7:14 of 1st period - Goal by Kevin Bieksa - Rangers : 1 - Flyers : 1.
7:15 of 1st period - Jean-Gabriel Pageau wins face-off versus David Legwand in neutral zone.
7:24 of 1st period - David Legwand is hit by Kyle Okposo and loses puck.
7:33 of 1st period - Gabriel Bourque is hit by Vinny Prospal and loses puck.
8:37 of 1st period - Icing by Francois Beauchemin.
8:38 of 1st period - Eric Belanger wins face-off versus Tyler Ennis in Rangers zone.
9:01 of 1st period - Shot by R.J. Umberger.
9:01 of 1st period - Deflect By Antti Miettinen.
9:01 of 1st period - Stopped by Tomas Vokoun with a rebound.
9:03 of 1st period - Shot by Eric Belanger.
9:03 of 1st period - Shot Hit the Post.
9:30 of 1st period - Icing by Marc-Andre Bergeron.
9:31 of 1st period - Eric Belanger wins face-off versus Ville Leino in Flyers zone.
9:47 of 1st period - Icing by Bryan Allen.
9:48 of 1st period - Jean-Gabriel Pageau wins face-off versus Ville Leino in Rangers zone.
10:13 of 1st period - Shot by Ville Leino.
10:13 of 1st period - Shot Misses the Net.
10:27 of 1st period - Shot by Joni Pitkanen.
10:27 of 1st period - Deflect By Jean-Gabriel Pageau.
10:27 of 1st period - Stopped by Tomas Vokoun without a rebound.
10:28 of 1st period - Kyle Brodziak wins face-off versus Frans Nielsen in Rangers zone.
11:47 of 1st period - Shot by Ilya Kovalchuk.
11:47 of 1st period - Shot Misses the Net.
12:31 of 1st period - Shot by Matt Read.
12:31 of 1st period - Shot Misses the Net.
12:45 of 1st period - Shot by Kyle Okposo.
12:45 of 1st period - Shot Misses the Net.
12:49 of 1st period - Shot by Carlo Colaiacovo.
12:49 of 1st period - Goal by Carlo Colaiacovo - Rangers : 1 - Flyers : 2.
12:50 of 1st period - Eric Belanger wins face-off versus Frans Nielsen in neutral zone.
13:24 of 1st period - Icing by Alex Goligoski.
13:25 of 1st period - Jean-Gabriel Pageau wins face-off versus Frans Nielsen in Rangers zone.
13:40 of 1st period - Shot by Gabriel Bourque.
13:40 of 1st period - Stopped by Tomas Vokoun without a rebound.
13:41 of 1st period - Tyler Ennis wins face-off versus Justin Williams in Rangers zone.
13:41 of 1st period - Tyler Ennis is hit by Justin Williams.
13:42 of 1st period - Minor Penalty to Kyle Brodziak for Slashing.
13:43 of 1st period - Eric Belanger wins face-off versus Tyler Ennis in Flyers zone.
13:43 of 1st period - Eric Belanger is hit by Devin Setoguchi.
14:03 of 1st period - Shot by Tyler Ennis.
14:03 of 1st period - Stopped by Devan Dubnyk without a rebound.
14:04 of 1st period - R.J. Umberger wins face-off versus Frans Nielsen in Flyers zone.
14:28 of 1st period - Off-side.
14:29 of 1st period - Tyler Ennis wins face-off versus Eric Belanger in neutral zone.
14:31 of 1st period - Derek Morris is hit by Anton Volchenkov and loses puck.
15:24 of 1st period - Shot by Alex Goligoski.
15:24 of 1st period - Shot Blocked by Kevin Bieksa.
15:52 of 1st period - Shot by Gabriel Bourque.
15:52 of 1st period - Stopped by Tomas Vokoun with a rebound.
15:54 of 1st period - Shot by Anton Volchenkov.
15:54 of 1st period - Shot Misses the Net.
15:56 of 1st period - Shot by Gabriel Bourque.
15:56 of 1st period - Stopped by Tomas Vokoun with a rebound.
16:08 of 1st period - Shot by Mark Stuart.
16:08 of 1st period - Stopped by Tomas Vokoun with a rebound.
16:10 of 1st period - Shot by Anton Volchenkov.
16:10 of 1st period - Stopped by Tomas Vokoun without a rebound.
16:11 of 1st period - Frans Nielsen wins face-off versus Eric Belanger in Rangers zone.
16:36 of 1st period - Shot by Radim Vrbata.
16:36 of 1st period - Stopped by Devan Dubnyk with a rebound.
16:38 of 1st period - Shot by Frans Nielsen.
16:38 of 1st period - Deflect By Radim Vrbata.
16:38 of 1st period - Goal by Radim Vrbata - Rangers : 2 - Flyers : 2.
16:39 of 1st period - Tyler Ennis wins face-off versus Kyle Brodziak in neutral zone.
16:39 of 1st period - Derek Morris is hit by Kyle Brodziak.
17:03 of 1st period - Icing by Anton Volchenkov.
17:04 of 1st period - Kyle Brodziak wins face-off versus Frans Nielsen in Flyers zone.
17:15 of 1st period - Shot by Frans Nielsen.
17:15 of 1st period - Shot Misses the Net.
17:21 of 1st period - Shot by Radim Vrbata.
17:21 of 1st period - Stopped by Devan Dubnyk without a rebound.
17:22 of 1st period - Jean-Gabriel Pageau wins face-off versus Tyler Ennis in Flyers zone.
18:25 of 1st period - Kyle Brodziak is hit by Devin Setoguchi.
18:53 of 1st period - Off-side.
18:54 of 1st period - David Legwand wins face-off versus David Steckel in neutral zone.
18:57 of 1st period - Shot by David Legwand.
18:57 of 1st period - Stopped by Devan Dubnyk without a rebound.
18:58 of 1st period - David Legwand wins face-off versus David Steckel in Flyers zone.
18:59 of 1st period - Shot by Matt Read.
18:59 of 1st period - Shot Misses the Net.
19:04 of 1st period - Joni Pitkanen is hit by Karl Alzner and loses puck.
Goals for this period are 2 for Rangers vs 2 for Flyers.
Shots for this period are 8 for Rangers vs 12 for Flyers.

2nd period


0:01 of 2nd period - Jean-Gabriel Pageau wins face-off versus Frans Nielsen in neutral zone.
0:10 of 2nd period - Shot by Gabriel Bourque.
0:10 of 2nd period - Stopped by Tomas Vokoun without a rebound.
0:11 of 2nd period - Dany Heatley wins face-off versus Tyler Ennis in Rangers zone.
0:11 of 2nd period - Joni Pitkanen is hit by Derek Morris.
0:17 of 2nd period - Shot by Justin Williams.
0:17 of 2nd period - Stopped by Tomas Vokoun without a rebound.
0:18 of 2nd period - Jean-Gabriel Pageau wins face-off versus Frans Nielsen in Rangers zone.
0:19 of 2nd period - Shot by Joni Pitkanen.
0:19 of 2nd period - Stopped by Tomas Vokoun without a rebound.
0:20 of 2nd period - Jean-Gabriel Pageau wins face-off versus Frans Nielsen in Rangers zone.
0:24 of 2nd period - Icing by Derek Morris.
0:25 of 2nd period - Jean-Gabriel Pageau wins face-off versus Frans Nielsen in Rangers zone.
0:54 of 2nd period - Shot by Frans Nielsen.
0:54 of 2nd period - Shot Misses the Net.
0:56 of 2nd period - Shot by Francois Beauchemin.
0:56 of 2nd period - Stopped by Devan Dubnyk with a rebound.
1:20 of 2nd period - Icing by Ilya Kovalchuk.
1:21 of 2nd period - Tyler Ennis wins face-off versus Kyle Brodziak in Rangers zone.
1:21 of 2nd period - Tyler Ennis is hit by Kyle Brodziak.
1:32 of 2nd period - Shot by Devin Setoguchi.
1:32 of 2nd period - Shot Misses the Net.
1:38 of 2nd period - Shot by Tyler Ennis.
1:38 of 2nd period - Stopped by Devan Dubnyk without a rebound.
1:39 of 2nd period - Eric Belanger wins face-off versus David Legwand in Flyers zone.
1:39 of 2nd period - Eric Belanger is hit by Matt Read.
1:40 of 2nd period - Minor Penalty to David Legwand for Tripping.
1:41 of 2nd period - Tyler Ennis wins face-off versus Kyle Okposo in Rangers zone.
1:41 of 2nd period - Tyler Ennis is hit by Kyle Okposo.
2:03 of 2nd period - Shot by Anton Volchenkov.
2:03 of 2nd period - Stopped by Tomas Vokoun with a rebound.
2:05 of 2nd period - Shot by Dany Heatley.
2:05 of 2nd period - Shot Misses the Net.
2:07 of 2nd period - Shot by Anton Volchenkov.
2:07 of 2nd period - Deflect By Justin Williams.
2:07 of 2nd period - Shot Misses the Net.
2:09 of 2nd period - Shot by Dany Heatley.
2:09 of 2nd period - Shot Misses the Net.
2:11 of 2nd period - Shot by Kyle Okposo.
2:11 of 2nd period - Shot Misses the Net.
2:15 of 2nd period - Shot by Kyle Okposo.
2:15 of 2nd period - Shot Misses the Net.
2:17 of 2nd period - Shot by Kyle Okposo.
2:17 of 2nd period - Shot Misses the Net.
2:39 of 2nd period - Shot by Kevin Bieksa.
2:39 of 2nd period - Stopped by Tomas Vokoun with a rebound.
2:41 of 2nd period - Shot by Joni Pitkanen.
2:41 of 2nd period - Goal by Joni Pitkanen - Rangers : 2 - Flyers : 3.
2:42 of 2nd period - Eric Belanger wins face-off versus David Legwand in neutral zone.
2:52 of 2nd period - Shot by Antti Miettinen.
2:52 of 2nd period - Stopped by Tomas Vokoun without a rebound.
2:53 of 2nd period - Ville Leino wins face-off versus David Steckel in Rangers zone.
3:09 of 2nd period - Shot by Ville Leino.
3:09 of 2nd period - Deflect By Benoit Pouliot.
3:09 of 2nd period - Shot Misses the Net.
3:11 of 2nd period - Shot by Craig Adams.
3:11 of 2nd period - Stopped by Devan Dubnyk without a rebound.
3:12 of 2nd period - Kyle Brodziak wins face-off versus Tyler Ennis in Flyers zone.
3:17 of 2nd period - Shot by Dany Heatley.
3:17 of 2nd period - Shot Misses the Net.
3:19 of 2nd period - Shot by Joni Pitkanen.
3:19 of 2nd period - Goal by Joni Pitkanen - Rangers : 2 - Flyers : 4.
3:20 of 2nd period - Frans Nielsen wins face-off versus Dany Heatley in neutral zone.
3:40 of 2nd period - Icing by Kevin Bieksa.
3:41 of 2nd period - Kyle Brodziak wins face-off versus Tyler Ennis in Flyers zone.
4:04 of 2nd period - Shot by Dany Heatley.
4:04 of 2nd period - Stopped by Tomas Vokoun without a rebound.
4:05 of 2nd period - Jean-Gabriel Pageau wins face-off versus Frans Nielsen in Rangers zone.
4:34 of 2nd period - Shot by Gabriel Bourque.
4:34 of 2nd period - Stopped by Tomas Vokoun without a rebound.
4:35 of 2nd period - Eric Belanger wins face-off versus Tyler Ennis in Rangers zone.
5:00 of 2nd period - Shot by Tyler Ennis.
5:00 of 2nd period - Stopped by Devan Dubnyk with a rebound.
5:02 of 2nd period - Shot by Tyler Ennis.
5:02 of 2nd period - Stopped by Devan Dubnyk without a rebound.
5:03 of 2nd period - Kyle Brodziak wins face-off versus Frans Nielsen in Flyers zone.
5:27 of 2nd period - Radim Vrbata is hit by Mark Stuart and loses puck.
6:00 of 2nd period - Off-side.
6:01 of 2nd period - Jean-Gabriel Pageau wins face-off versus Tyler Ennis in neutral zone.
6:17 of 2nd period - Icing by Karl Alzner.
6:18 of 2nd period - David Steckel wins face-off versus Ilya Kovalchuk in Rangers zone.
6:56 of 2nd period - Tyler Ennis is hit by Dainius Zubrus and loses puck.
7:30 of 2nd period - Icing by Karl Alzner.
7:31 of 2nd period - Tyler Ennis wins face-off versus Gabriel Bourque in Rangers zone.
7:57 of 2nd period - Shot by Jean-Gabriel Pageau.
7:57 of 2nd period - Stopped by Tomas Vokoun without a rebound.
7:58 of 2nd period - David Legwand wins face-off versus Kyle Brodziak in Rangers zone.
9:12 of 2nd period - Shot by Radim Vrbata.
9:12 of 2nd period - Shot Blocked by Anton Volchenkov.
9:17 of 2nd period - Justin Williams is hit by Ben Smith and loses puck.
9:22 of 2nd period - Shot by Frans Nielsen.
9:22 of 2nd period - Stopped by Devan Dubnyk without a rebound.
9:23 of 2nd period - Jean-Gabriel Pageau wins face-off versus Ville Leino in Flyers zone.
9:31 of 2nd period - Minor Penalty to Kevin Bieksa for Hooking.
9:32 of 2nd period - Eric Belanger wins face-off versus Tyler Ennis in Flyers zone.
9:47 of 2nd period - Shot by Derek Morris.
9:47 of 2nd period - Deflect By Tyler Ennis.
9:47 of 2nd period - Shot Blocked by Carlo Colaiacovo.
10:31 of 2nd period - Shot by Karl Alzner.
10:31 of 2nd period - Shot Misses the Net.
10:33 of 2nd period - Shot by Karl Alzner.
10:33 of 2nd period - Shot Blocked by Marc-Andre Bergeron.
10:39 of 2nd period - Shot by Alex Goligoski.
10:39 of 2nd period - Shot Misses the Net.
10:41 of 2nd period - Shot by David Legwand.
10:41 of 2nd period - Shot Blocked by Marc-Andre Bergeron.
10:43 of 2nd period - Shot by Frans Nielsen.
10:43 of 2nd period - Stopped by Devan Dubnyk without a rebound.
10:44 of 2nd period - Eric Belanger wins face-off versus Frans Nielsen in Flyers zone.
11:13 of 2nd period - R.J. Umberger is hit by Frans Nielsen and loses puck.
11:56 of 2nd period - Shot by David Steckel.
11:56 of 2nd period - Stopped by Tomas Vokoun without a rebound.
11:57 of 2nd period - Tyler Ennis wins face-off versus Kyle Brodziak in Rangers zone.
11:57 of 2nd period - Tyler Ennis is hit by Kyle Brodziak.
12:05 of 2nd period - Devin Setoguchi is hit by Kyle Brodziak and loses puck.
12:24 of 2nd period - Shot by Ilya Kovalchuk.
12:24 of 2nd period - Shot Misses the Net.
12:26 of 2nd period - Shot by Derek Morris.
12:26 of 2nd period - Shot Hit the Post.
12:28 of 2nd period - Shot by Devin Setoguchi.
12:28 of 2nd period - Stopped by Devan Dubnyk without a rebound.
12:29 of 2nd period - Frans Nielsen wins face-off versus Jean-Gabriel Pageau in Flyers zone.
12:50 of 2nd period - Shot by Jean-Gabriel Pageau.
12:50 of 2nd period - Shot Misses the Net.
12:52 of 2nd period - Shot by Kyle Okposo.
12:52 of 2nd period - Shot Blocked by Karl Alzner.
12:54 of 2nd period - Shot by Gabriel Bourque.
12:54 of 2nd period - Stopped by Tomas Vokoun without a rebound.
12:55 of 2nd period - David Legwand wins face-off versus Kyle Brodziak in Rangers zone.
13:08 of 2nd period - Shot by Justin Williams.
13:08 of 2nd period - Stopped by Tomas Vokoun without a rebound.
13:09 of 2nd period - Eric Belanger wins face-off versus Frans Nielsen in Rangers zone.
13:41 of 2nd period - Icing by Eric Belanger.
13:42 of 2nd period - Eric Belanger wins face-off versus David Legwand in Flyers zone.
13:42 of 2nd period - Eric Belanger is hit by Matt Read.
13:47 of 2nd period - Mark Stuart is hit by Karl Alzner.
13:48 of 2nd period - Minor Penalty to Karl Alzner for Interference.
13:49 of 2nd period - Dany Heatley wins face-off versus Tyler Ennis in Rangers zone.
14:20 of 2nd period - Shot by Joni Pitkanen.
14:20 of 2nd period - Stopped by Tomas Vokoun without a rebound.
14:21 of 2nd period - R.J. Umberger wins face-off versus Tyler Ennis in Rangers zone.
14:26 of 2nd period - Shot by Marc-Andre Bergeron.
14:26 of 2nd period - Shot Blocked by Alex Goligoski.
14:28 of 2nd period - Shot by Gabriel Bourque.
14:28 of 2nd period - Deflect By R.J. Umberger.
14:28 of 2nd period - Stopped by Tomas Vokoun without a rebound.
14:29 of 2nd period - R.J. Umberger wins face-off versus Tyler Ennis in Rangers zone.
14:37 of 2nd period - Icing by R.J. Umberger.
14:38 of 2nd period - Tyler Ennis wins face-off versus R.J. Umberger in Flyers zone.
15:03 of 2nd period - Shot by Gabriel Bourque.
15:03 of 2nd period - Shot Misses the Net.
15:05 of 2nd period - Shot by Marc-Andre Bergeron.
15:05 of 2nd period - Stopped by Tomas Vokoun without a rebound.
15:06 of 2nd period - Dany Heatley wins face-off versus Tyler Ennis in Rangers zone.
15:32 of 2nd period - Dany Heatley is hit by Bryan Allen and loses puck.
16:08 of 2nd period - Alex Goligoski is hit by Mark Stuart and loses puck.
16:11 of 2nd period - Shot by David Legwand.
16:11 of 2nd period - Shot Misses the Net.
16:13 of 2nd period - Shot by Matt Read.
16:13 of 2nd period - Shot Blocked by Mark Stuart.
16:31 of 2nd period - Shot by David Legwand.
16:31 of 2nd period - Shot Misses the Net.
16:40 of 2nd period - Minor Penalty to Antti Miettinen for Slashing.
16:41 of 2nd period - Justin Williams wins face-off versus Tyler Ennis in Flyers zone.
17:22 of 2nd period - Shot by Tyler Ennis.
17:22 of 2nd period - Stopped by Devan Dubnyk without a rebound.
17:23 of 2nd period - Frans Nielsen wins face-off versus Justin Williams in Flyers zone.
17:32 of 2nd period - Shot by David Legwand.
17:32 of 2nd period - Shot Misses the Net.
17:34 of 2nd period - Shot by Karl Alzner.
17:34 of 2nd period - Stopped by Devan Dubnyk with a rebound.
17:36 of 2nd period - Shot by Karl Alzner.
17:36 of 2nd period - Stopped by Devan Dubnyk with a rebound.
18:48 of 2nd period - Icing by Carlo Colaiacovo.
18:49 of 2nd period - Kyle Brodziak wins face-off versus Ville Leino in Flyers zone.
18:49 of 2nd period - Kyle Brodziak is hit by Craig Adams.
18:56 of 2nd period - Icing by Justin Williams.
18:57 of 2nd period - Kyle Brodziak wins face-off versus Ville Leino in Flyers zone.
18:57 of 2nd period - Kyle Brodziak is hit by Craig Adams.
18:58 of 2nd period - Minor Penalty to Craig Adams for Slashing.
18:59 of 2nd period - Tyler Ennis wins face-off versus Kyle Okposo in Rangers zone.
19:05 of 2nd period - Francois Beauchemin is hit by Kevin Bieksa and loses puck.
19:42 of 2nd period - Shot by Joni Pitkanen.
19:42 of 2nd period - Shot Blocked by Karl Alzner.
Goals for this period are 0 for Rangers vs 2 for Flyers.
Shots for this period are 11 for Rangers vs 17 for Flyers.

3rd period


0:01 of 3rd period - Tyler Ennis wins face-off versus Kyle Okposo in neutral zone.
0:04 of 3rd period - Joni Pitkanen is hit by Tyler Ennis and loses puck.
0:18 of 3rd period - Shot by Justin Williams.
0:18 of 3rd period - Shot Misses the Net.
0:20 of 3rd period - Shot by Justin Williams.
0:20 of 3rd period - Deflect By Kyle Okposo.
0:20 of 3rd period - Stopped by Tomas Vokoun without a rebound.
0:21 of 3rd period - R.J. Umberger wins face-off versus Tyler Ennis in Rangers zone.
0:38 of 3rd period - Shot by R.J. Umberger.
0:38 of 3rd period - Stopped by Tomas Vokoun without a rebound.
0:39 of 3rd period - Radim Vrbata wins face-off versus Dany Heatley in Rangers zone.
1:31 of 3rd period - Shot by R.J. Umberger.
1:31 of 3rd period - Stopped by Tomas Vokoun without a rebound.
1:32 of 3rd period - Jean-Gabriel Pageau wins face-off versus Frans Nielsen in Rangers zone.
1:32 of 3rd period - Kevin Bieksa is hit by Derek Morris and loses puck.
1:53 of 3rd period - Icing by Frans Nielsen.
1:54 of 3rd period - Kyle Brodziak wins face-off versus Frans Nielsen in Rangers zone.
2:11 of 3rd period - Shot by Dany Heatley.
2:11 of 3rd period - Shot Misses the Net.
2:51 of 3rd period - Shot by Tyler Ennis.
2:51 of 3rd period - Stopped by Devan Dubnyk without a rebound.
2:52 of 3rd period - Jean-Gabriel Pageau wins face-off versus David Legwand in Flyers zone.
4:00 of 3rd period - Shot by Ilya Kovalchuk.
4:00 of 3rd period - Shot Misses the Net.
4:02 of 3rd period - Shot by Tyler Ennis.
4:02 of 3rd period - Stopped by Devan Dubnyk without a rebound.
4:03 of 3rd period - Eric Belanger wins face-off versus Frans Nielsen in Flyers zone.
4:03 of 3rd period - Eric Belanger is hit by Derek Morris.
4:22 of 3rd period - Icing by Derek Morris.
4:23 of 3rd period - Kyle Brodziak wins face-off versus Frans Nielsen in Rangers zone.
5:55 of 3rd period - Karl Alzner is hit by Jack Skille and loses puck.
6:33 of 3rd period - Shot by Vinny Prospal.
6:33 of 3rd period - Shot Misses the Net.
6:35 of 3rd period - Shot by Bryan Allen.
6:35 of 3rd period - Shot Blocked by Anton Volchenkov.
6:37 of 3rd period - Shot by Matt Read.
6:37 of 3rd period - Shot Misses the Net.
6:39 of 3rd period - Shot by Matt Read.
6:39 of 3rd period - Stopped by Devan Dubnyk without a rebound.
6:40 of 3rd period - Eric Belanger wins face-off versus Ville Leino in Flyers zone.
6:49 of 3rd period - Craig Adams is hit by Kevin Bieksa and loses puck.
7:53 of 3rd period - Icing by Marc-Andre Bergeron.
7:54 of 3rd period - Justin Williams wins face-off versus Matt Read in Flyers zone.
10:07 of 3rd period - Rob Scuderi is hit by Jack Skille and loses puck.
10:16 of 3rd period - Shot by Dainius Zubrus.
10:16 of 3rd period - Deflect By Jack Skille.
10:16 of 3rd period - Shot Blocked by Bryan Allen.
10:36 of 3rd period - Shot by Eric Belanger.
10:36 of 3rd period - Shot Misses the Net.
10:38 of 3rd period - Shot by Mark Stuart.
10:38 of 3rd period - Stopped by Tomas Vokoun without a rebound.
10:39 of 3rd period - Eric Belanger wins face-off versus Tyler Ennis in Rangers zone.
10:51 of 3rd period - Icing by Joni Pitkanen.
10:52 of 3rd period - Eric Belanger wins face-off versus David Legwand in Flyers zone.
11:24 of 3rd period - Shot by Matt Read.
11:24 of 3rd period - Shot Misses the Net.
11:26 of 3rd period - Shot by Karl Alzner.
11:26 of 3rd period - Shot Blocked by Eric Belanger.
11:28 of 3rd period - Shot by Vinny Prospal.
11:28 of 3rd period - Stopped by Devan Dubnyk with a rebound.
12:01 of 3rd period - Kyle Okposo is hit by Devin Setoguchi and loses puck.
12:10 of 3rd period - Shot by Anton Volchenkov.
12:10 of 3rd period - Shot Misses the Net.
12:22 of 3rd period - Shot by Kyle Okposo.
12:22 of 3rd period - Shot Blocked by Francois Beauchemin.
12:29 of 3rd period - Minor Penalty to Anton Volchenkov for Tripping.
12:30 of 3rd period - Eric Belanger wins face-off versus Tyler Ennis in Flyers zone.
13:09 of 3rd period - Shot by Karl Alzner.
13:09 of 3rd period - Stopped by Devan Dubnyk with a rebound.
13:11 of 3rd period - Shot by Radim Vrbata.
13:11 of 3rd period - Shot Blocked by Joni Pitkanen.
13:19 of 3rd period - Shot by Radim Vrbata.
13:19 of 3rd period - Shot Misses the Net.
13:21 of 3rd period - Shot by Karl Alzner.
13:21 of 3rd period - Shot Blocked by Kevin Bieksa.
13:33 of 3rd period - Shot by David Legwand.
13:33 of 3rd period - Stopped by Devan Dubnyk without a rebound.
13:34 of 3rd period - R.J. Umberger wins face-off versus Radim Vrbata in Flyers zone.
13:57 of 3rd period - Shot by David Legwand.
13:57 of 3rd period - Stopped by Devan Dubnyk with a rebound.
14:33 of 3rd period - Shot by Ville Leino.
14:33 of 3rd period - Shot Hit the Post.
14:41 of 3rd period - Shot by Dany Heatley.
14:41 of 3rd period - Stopped by Tomas Vokoun with a rebound.
14:45 of 3rd period - Shot by Dany Heatley.
14:45 of 3rd period - Goal by Dany Heatley - Rangers : 2 - Flyers : 5.
14:46 of 3rd period - Ville Leino wins face-off versus Jean-Gabriel Pageau in neutral zone.
14:56 of 3rd period - Ville Leino is hit by Jean-Gabriel Pageau and loses puck.
15:07 of 3rd period - Shot by Jean-Gabriel Pageau.
15:07 of 3rd period - Shot Misses the Net.
15:40 of 3rd period - Joni Pitkanen is hit by Karl Alzner and loses puck.
16:12 of 3rd period - Justin Williams is hit by Devin Setoguchi and loses puck.
16:21 of 3rd period - Shot by Dany Heatley.
16:21 of 3rd period - Shot Blocked by Karl Alzner.
16:23 of 3rd period - Shot by Dany Heatley.
16:23 of 3rd period - Shot Misses the Net.
16:45 of 3rd period - Shot by Anton Volchenkov.
16:45 of 3rd period - Stopped by Tomas Vokoun without a rebound.
16:46 of 3rd period - Frans Nielsen wins face-off versus Jean-Gabriel Pageau in Rangers zone.
16:50 of 3rd period - Icing by Francois Beauchemin.
16:51 of 3rd period - Frans Nielsen wins face-off versus Jean-Gabriel Pageau in Rangers zone.
16:51 of 3rd period - Frans Nielsen is hit by Kyle Okposo.
16:56 of 3rd period - Off-side.
16:57 of 3rd period - Jean-Gabriel Pageau wins face-off versus Frans Nielsen in neutral zone.
17:39 of 3rd period - Shot by Ben Smith.
17:39 of 3rd period - Shot Misses the Net.
17:41 of 3rd period - Shot by Francois Beauchemin.
17:41 of 3rd period - Stopped by Devan Dubnyk without a rebound.
17:42 of 3rd period - David Legwand wins face-off versus Kyle Brodziak in Flyers zone.
17:53 of 3rd period - Shot by Matt Read.
17:53 of 3rd period - Stopped by Devan Dubnyk without a rebound.
17:54 of 3rd period - David Steckel wins face-off versus Benoit Pouliot in Flyers zone.
18:21 of 3rd period - Shot by Dainius Zubrus.
18:21 of 3rd period - Stopped by Tomas Vokoun without a rebound.
18:22 of 3rd period - Frans Nielsen wins face-off versus Kyle Brodziak in Rangers zone.
18:22 of 3rd period - Frans Nielsen is hit by Kyle Brodziak.
19:52 of 3rd period - Shot by Gabriel Bourque.
19:52 of 3rd period - Shot Misses the Net.
Goals for this period are 0 for Rangers vs 1 for Flyers.
Shots for this period are 9 for Rangers vs 8 for Flyers.


Output by the SimonT Hockey Simulator (STHS) for Stephane Roy -- Original Page W3C XHTML 1.0 Valid
Hockey Simulator - Hockey Simulation - Hockey Manager